Cogmind - Beta 15 @@@ ROGUE MODE // 2025.10.17 @ 00:03:05 Player: Bruh93 Result: Destroyed by P-60 Hacker with Shock Rifle Performance ------------- Evolutions (3) 1500 Regions Visited (5) 1000 Robots Destroyed (31) 155 Value Destroyed (809) 809 Prototype IDs (4) 80 Alien Tech Used (0) 0 Bonus (113) 113 TOTAL SCORE: 3657 Bonus ------- Follower Combat Kills 113 Cogmind --------- Core Integrity 0/700 Matter 198/300 Energy 160/160 System Corruption 2% Temperature Cool (72) Movement Flying (192) Ox2 Location -7/Factory Parts ------- > --- POWER (2) -------- Light Nuclear Core > --- PROPULSION (3) --- VTOL Module VTOL Module VTOL Module > --- UTILITY (4) ------ Improved Sensor Array Power Shielding Recalibrator > --- WEAPON (4) ------- Pulse Rifle Flak Cannon > --- INVENTORY (5) ---- Deuterium Engine Power Shielding Power Shielding Improved Medium Armor Plating Peak State ------------ > --- POWER ------------ Light Angular Momentum Engine > --- PROPULSION ------- Light Treads Light Treads > --- UTILITY ---------- Experimental Sensor Array Shield Generator Shield Generator > --- WEAPON ----------- Advanced Beam Rifle Particle Cannon Heavy Assault Rifle Heavy Assault Rifle > --- INVENTORY -------- Nuclear Core Carbon-fiber Leg Heavy Assault Rifle Autogun Autogun [Rating: 31] Favorites ----------- Power Improved Ion Engine Engine Improved Ion Engine Power Core Light Nuclear Core Propulsion Light Treads Treads Light Treads Leg Aluminum Leg Hover Unit Improved Hover Unit Flight Unit Flight Unit Utility Experimental Sensor Array Device Experimental Sensor Array Storage Small Storage Unit Protection Power Shielding Weapon Heavy Assault Rifle Energy Gun Improved EM Shotgun Energy Cannon Particle Cannon Ballistic Gun Heavy Assault Rifle Ballistic Cannon Flak Cannon Special Weapon Welding Torch Build | -11 -10 -10 -9 -8 -7 ------- Run | Yrd Mat Min Mat Mat Fac Slots Evolved 6 | . . . 2 2 2 Power 1 | . . . . . 1 Propulsion 1 | . . . . . 1 Utility 2 | . . . . 2 . Weapon 2 | . . . 2 . . Parts Attached 58 | 5 12 3 15 11 12 Power 8 | 1 2 . 1 2 2 Engine 5 | 1 2 . 1 1 . Core 3 | . . . . 1 2 Reactor . | . . . . . . Propulsion 15 | 2 2 . 5 3 3 Treads 4 | . . . 4 . . Leg 4 | 2 . . . 2 . Wheel . | . . . . . . Hover 1 | . . . . 1 . Flight 6 | . 2 . 1 . 3 Utility 14 | . 3 2 2 2 5 Device 8 | . 2 1 2 1 2 Storage 1 | . 1 . . . . Processor . | . . . . . . Hackware . | . . . . . . Protection 5 | . . 1 . 1 3 Artifact . | . . . . . . Weapon 21 | 2 5 1 7 4 2 Energy Gun 6 | 1 2 . 1 1 1 Energy Cannon 1 | . . . 1 . . Ballistic Gun 10 | 1 2 1 3 3 . Ballistic Cannon 1 | . . . . . 1 Launcher . | . . . . . . Special Weapon 3 | . 1 . 2 . . Impact Weapon . | . . . . . . Slashing Weapon . | . . . . . . Piercing Weapon . | . . . . . . Special Melee Weapon . | . . . . . . Unidentified Prototypes 4 | . . 1 1 2 . Parts Lost 28 | . 9 . 1 12 6 Power 4 | . 1 . . 1 2 Propulsion 8 | . 2 . 1 4 1 Utility 5 | . 1 . . 3 1 Weapon 11 | . 5 . . 4 2 Highest Loss Streak 11 | . 9 . 1 11 6 To Critical Strikes . | . . . . . . Average Backups 4 | . 3 5 4 4 3 Power . | . . 1 1 1 . Propulsion . | . 1 1 . . . Utility . | . . 1 1 . 1 Weapon 1 | . 1 . 1 2 1 Tool/Special . | . . . . . . Unused Backups 8 | . 2 1 1 1 3 Power 3 | . . . 1 1 1 Propulsion 2 | . 1 1 . . . Utility 2 | . . . . . 2 Weapon 1 | . 1 . . . . Tool/Special . | . . . . . . Average Slot Usage (%) 77 | . 74 94 94 57 43 Engine 8 | . 12 14 11 4 . Core 1 | . . . . 3 5 Treads 7 | . . . 16 9 . Leg 4 | . 21 . . 1 . Flight 7 | . 3 28 1 . 15 Device 16 | . 9 21 22 12 9 Protection 1 | . . . . . 6 Energy Gun 9 | . 11 14 11 5 2 Energy Cannon 2 | . . . 3 4 . Ballistic Gun 14 | . 14 14 21 11 1 Special Weapon 2 | . . . 6 . . Peak Build Rating 31 | 5 7 15 25 31 23 Average Rating 15 | 4 5 11 21 17 14 On Entrance 9 | . 5 6 15 25 6 Naked Turns 24 | . . . . . 24 Heaviest Build 26 | 7 8 7 23 26 11 Greatest Support 40 | 20 20 8 40 40 12 Greatest Overweight (x) 3 | . . . . 3 . Average Overweight (x) . | . . . . . . Largest Inventory Capacity 8 | 5 8 5 5 5 5 Average Capacity 5 | 5 5 5 5 5 5 Most Carried 5 | 2 5 5 5 5 5 Average Carried 4 | . 3 4 4 4 3 Final Capacity 5 | 5 5 5 5 5 5 Final Carried 5 | 2 5 5 5 5 4 Class Distribution -------------------- 32% | Mutant 28% | Scavenger-Skirmisher 16% | Scavenger-Mutant 13% | Scavenger-Tank 9% | Scavenger-Sprinter Dominant Class ---------------- Mutant | -10/Materials Scavenger-Mutant | -10/Mines Scavenger-Skirmisher | -9/Materials Mutant | -8/Materials Scavenger-Sprinter | -7/Factory Resources | -11 -10 -10 -9 -8 -7 ----------- Run | Yrd Mat Min Mat Mat Fac Matter Collected 1025 | 271 187 45 246 133 143 Remotely 100 | . 100 . . . . Salvage Created 987 | 57 261 32 342 245 50 Parts 63 | 3 12 3 24 15 6 Haulers Intercepted . | . . . . . . Recyclers Shooed 2 | . . . 1 . 1 Parts Field Recycled . | . . . . . . Retrieved Matter . | . . . . . . Parts Self-Destructed . | . . . . . . Prevented . | . . . . . . Kills | -11 -10 -10 -9 -8 -7 ------- Run | Yrd Mat Min Mat Mat Fac Combat Hostiles Destroyed 25 | 1 8 2 8 4 2 Guns 23 | 1 8 2 6 4 2 Cannons 2 | . . . 2 . . Classes Destroyed 6 | 2 2 . 1 1 . Worker 1 | 1 . . . . . Watcher 5 | . 1 . 3 1 . Swarmer 12 | . 4 2 4 . 2 Grunt 10 | 1 4 . 2 3 . Sentry 2 | . . . 2 . . Specialist 1 | . . . . 1 . Best Kill Streak 5 | 1 5 2 4 3 2 Combat Bots Only 5 | 1 5 2 4 3 2 Max Kills in Single Turn 2 | 1 1 1 2 1 1 Gunslinging . | . . . . . . Exploded . | . . . . . . Melee . | . . . . . . Uniques/NPCs Destroyed . | . . . . . . Combat | -11 -10 -10 -9 -8 -7 -------- Run | Yrd Mat Min Mat Mat Fac Hostile Shots Fired 559 | 6 103 13 43 240 154 Missed 201 | 1 27 8 17 85 63 Hits 358 | 5 76 5 26 155 91 Projectile 358 | 5 76 5 26 155 91 Critical Strikes 5 | . . . . 4 1 Part Disruptions 1 | . . . . . 1 Damage Taken 4173 | 56 737 38 312 1803 1227 Core 1407 | 12 142 6 46 497 704 Absorbed by Shields 167 | . . . . 167 . Redirected to Shielding 8 | . . . . . 8 Core Remaining (%) 57 | 95 . 36 88 9 . Volleys Fired 124 | 7 40 6 23 26 22 Largest 4 | 2 2 2 4 4 2 Hottest 159 | 60 60 60 159 159 100 Shots Fired 219 | 14 68 12 50 50 25 Gun 199 | 14 68 12 42 41 22 Cannon 20 | . . . 8 9 3 Launcher . | . . . . . . Special . | . . . . . . Kinetic 145 | 7 48 6 34 29 21 Thermal 33 | . 2 6 8 13 4 Explosive . | . . . . . . Electromagnetic 41 | 7 18 . 8 8 . Robot Hit Streak 8 | 3 4 2 7 4 8 Robot Miss Streak 4 | 2 4 2 3 4 3 Penetration Max . | . . . . . . Secondary Targets 1 | . . . . 1 . Max Gunslinging Chain 1 | . . . . 1 . Shots Hit Robots 125 | 8 33 5 28 31 20 Core Hits 57 | 3 21 2 14 12 5 Critical Kills . | . . . . . . Critical Parts Destroyed 2 | . 1 1 . . . Critical Strikes 3 | . 2 1 . . . Destroy 2 | . 1 1 . . . Corrupt 1 | . 1 . . . . Melee Attacks . | . . . . . . Impact . | . . . . . . Slashing . | . . . . . . Piercing . | . . . . . . Sneak Attacks . | . . . . . . Combat Hostiles . | . . . . . . Follow-up Attacks . | . . . . . . Damage Inflicted 1883 | 103 428 46 461 519 326 Guns 1698 | 103 428 46 396 434 291 Cannons 175 | . . . 63 82 30 Explosions . | . . . . . . Melee . | . . . . . . Ramming 10 | . . . 2 3 5 Kinetic 1197 | 66 301 35 270 269 256 Thermal 284 | . 23 11 63 122 65 Explosive . | . . . . . . Electromagnetic 392 | 37 104 . 126 125 . Impact . | . . . . . . Slashing . | . . . . . . Piercing . | . . . . . . Highest Corruption 1 | . . . . . 1 Average Corruption 1 | . . . . . 1 Corruption Purged . | . . . . . . Corruption Blocked . | . . . . . . Overload Shots . | . . . . . . Overflow Damage . | . . . . . . Projectiles . | . . . . . . Explosions . | . . . . . . Melee . | . . . . . . Knockbacks 2 | . . . . . 2 Impact . | . . . . . . Kinetic 2 | . . . . . 2 Secondary . | . . . . . . Self-Inflicted Damage 3 | . . . . 1 2 Shots . | . . . . . . Rammed 3 | . . . 1 1 1 Targets Rammed 3 | . . . 1 1 1 Kicked . | . . . . . . Crushed . | . . . . . . Highest Temperature 286 | 12 67 8 90 286 72 Average Temperature 62 | 9 33 4 33 113 21 Received Heat Transfer 869 | 30 204 . 99 392 144 Effects 2 | . . . . 2 . Energy Bleed 2 | . . . . 2 . Siege Activations . | . . . . . . Martial Activations . | . . . . . . Shielding Activations . | . . . . . . Robots Disrupted . | . . . . . . Combat Hostiles . | . . . . . . Robots Corrupted . | . . . . . . Combat Hostiles . | . . . . . . Parts Fried . | . . . . . . Impact Corruptions . | . . . . . . Robots Melted . | . . . . . . Combat Hostiles . | . . . . . . Parts Melted 1 | . . . 1 . . Heat Transferred 519 | . 50 25 111 222 111 Parts Sabotaged . | . . . . . . Parts Stolen . | . . . . . . Parts Stripped . | . . . . . . Power Chain Reactions . | . . . . . . Alert | -11 -10 -10 -9 -8 -7 ------- Run | Yrd Mat Min Mat Mat Fac Maximum Alert Level . | . . . . . . Low Security (%) 100 | 100 100 100 100 100 100 Level 1 . | . . . . . . Level 2 . | . . . . . . Level 3 . | . . . . . . Level 4 . | . . . . . . Level 5 . | . . . . . . High Security . | . . . . . . Max Security . | . . . . . . Peak Influence 122 | 20 55 61 122 70 67 Initial 29 | . 6 10 . 29 22 Average 30 | 2 14 18 56 26 7 Influence Increases 969 | 25 202 71 434 157 80 Destroy 0b10 Robot/C 600 | 20 160 40 260 80 40 Destroy 0b10 Robot/NC 30 | 5 5 . 15 5 . Destroy Leader 140 | . 22 10 86 12 10 Allied During Kill 30 | . . 6 24 . . Successful Hack 2 | . . . 2 . . Disable Machine 15 | . . 15 . . . Destroy Structure 2 | . . . 2 . . Partial Spotted 30 | . . . 15 . 15 Lose Combat Pursuer 120 | . 15 . 30 60 15 Influence Decreases 969 | 15 185 98 363 178 130 Entered New Map 91 | . 4 17 . 42 28 Time Decay 674 | 15 111 81 323 99 45 Lost Part 164 | . 70 . . 37 57 Lost Ally 40 | . . . 40 . . Squads Dispatched 4 | . 1 . . 2 1 Investigation . | . . . . . . Extermination 1 | . . . . . 1 Reinforcement 3 | . 1 . . 2 . Assault . | . . . . . . Garrison . | . . . . . . Intercept . | . . . . . . Searches Triggered . | . . . . . . Construction Impeded . | . . . . . . Haulers Reinforced . | . . . . . . Active Scanning Responses . | . . . . . . Cargo Convoy Interrupts . | . . . . . . Stealth | -11 -10 -10 -9 -8 -7 --------- Run | Yrd Mat Min Mat Mat Fac Distress Signals 5 | . 1 . 2 2 . Communications Jammed . | . . . . . . Distress Signals . | . . . . . . Times Spotted 66 | 1 20 3 19 16 7 Peak Tracking Total 9 | 1 7 3 4 9 3 Tactical Retreats 5 | . 1 . 1 2 1 Traps | -11 -10 -10 -9 -8 -7 ------- Run | Yrd Mat Min Mat Mat Fac Traps Triggered . | . . . . . . Indirectly . | . . . . . . Trap Hack Attempts . | . . . . . . Triggered . | . . . . . . Disarmed . | . . . . . . Reprogrammed . | . . . . . . Reused . | . . . . . . Traps Extracted . | . . . . . . Installed . | . . . . . . Triggered . | . . . . . . Machines | -11 -10 -10 -9 -8 -7 ---------- Run | Yrd Mat Min Mat Mat Fac Machines Disabled 2 | . 1 1 . . . Max in Single Turn 1 | . 1 . . . . Machines Repaired . | . . . . . . Machines Dismantled . | . . . . . . Machines Sabotaged . | . . . . . . Overloaded Fab Kills . | . . . . . . Hacking | -11 -10 -10 -9 -8 -7 --------- Run | Yrd Mat Min Mat Mat Fac Machines Accessed 5 | . . . 5 . . Terminals 4 | . . . 4 . . Fabricators . | . . . . . . Repair Stations 1 | . . . 1 . . Recycling Units . | . . . . . . Scanalyzers . | . . . . . . Garrison Access . | . . . . . . Total Hacks 9 | . . . 9 . . Successful 8 | . . . 8 . . Failed 1 | . . . 1 . . Catastrophic . | . . . . . . Database Lockouts . | . . . . . . Manual . | . . . . . . Terminals 8 | . . . 8 . . Fabricators . | . . . . . . Repair Stations 1 | . . . 1 . . Recycling Units . | . . . . . . Scanalyzers . | . . . . . . Garrison Access . | . . . . . . Terminal Hacks 7 | . . . 7 . . Record 4 | . . . 4 . . Alert Level 2 | . . . 2 . . Maintenance Status 1 | . . . 1 . . Fabricator Hacks . | . . . . . . Repair Station Hacks 1 | . . . 1 . . Scan Component 1 | . . . 1 . . Recycling Unit Hacks . | . . . . . . Scanalyzer . | . . . . . . Garrison Access Hacks . | . . . . . . Unauthorized Hacks . | . . . . . . Terminals . | . . . . . . Fabricators . | . . . . . . Repair Stations . | . . . . . . Recycling Units . | . . . . . . Scanalyzers . | . . . . . . Garrison Access . | . . . . . . Data Cores Recovered . | . . . . . . Used . | . . . . . . Hacking Detections 1 | . . . 1 . . Full Trace Events . | . . . . . . Feedback Events . | . . . . . . Feedback Blocked . | . . . . . . Robot Schematics Acquired . | . . . . . . Robots Built . | . . . . . . Authchips . | . . . . . . Time . | . . . . . . Total Robot Build Rating . | . . . . . . Part Schematics Acquired . | . . . . . . Parts Built . | . . . . . . Authchips . | . . . . . . Time . | . . . . . . Total Part Build Rating . | . . . . . . Parts Repaired . | . . . . . . Time . | . . . . . . Parts Recycled . | . . . . . . Recycled Matter . | . . . . . . Retrieved Matter . | . . . . . . Retrieved Components . | . . . . . . Parts Scanalyzed . | . . . . . . Part Schematics Acquired . | . . . . . . Parts Damaged . | . . . . . . Bothacking | -11 -10 -10 -9 -8 -7 ------------ Run | Yrd Mat Min Mat Mat Fac Used RIF Installer . | . . . . . . Robots Hacked . | . . . . . . Non-combat . | . . . . . . Combat . | . . . . . . Robot Hacks Applied . | . . . . . . Relay Couplers Released . | . . . . . . Fabnet Peak Effective % . | . . . . . . Robots Rewired . | . . . . . . Allies Hacked . | . . . . . . Hacks Repelled . | . . . . . . Allies | -11 -10 -10 -9 -8 -7 -------- Run | Yrd Mat Min Mat Mat Fac Total Allies 2 | . . 2 . . . Largest Group 2 | . . 2 2 . . Highest-Rated Group 43 | . . 43 43 . . Highest-Rated Ally 31 | . . 31 31 . . Total Orders . | . . . . . . Ally Attacks 16 | . . 1 15 . . Total Damage 280 | . . . 280 . . Kills 5 | . . . 5 . . Allies Corrupted . | . . . . . . Allies Melted . | . . . . . . Intel | -11 -10 -10 -9 -8 -7 ------- Run | Yrd Mat Min Mat Mat Fac Active Infowar (turns) 1296 | . . 152 786 154 204 Sensors 1296 | . . 152 786 154 204 Robot Analysis Total . | . . . . . . Derelict Logs Recovered 2 | . . 2 . . . Drone Launches . | . . . . . . Drone Recoveries . | . . . . . . Exploration | -11 -10 -10 -9 -8 -7 ------------- Run | Yrd Mat Min Mat Mat Fac Turns Passed 2124 | 142 361 241 786 294 300 Spaces Moved 1707 | 101 250 379 480 148 349 Core 79 | 22 1 . . 4 52 Treads 445 | . . . 394 51 . Legs 249 | 79 154 . . 16 . Wheels . | . . . . . . Hover 113 | . . . . 77 36 Flight 821 | . 95 379 86 . 261 Fastest Speed 29 | 50 37 37 37 60 29 Average Speed 83 | 104 88 37 137 116 35 Slowest Speed 200 | 120 120 37 160 200 60 Overloaded Moves . | . . . . . . Propulsion Burnouts . | . . . . . . Robots Hopped 1 | . 1 . . . . Potential Cave-ins . | . . . . . . Cave-ins Triggered . | . . . . . . Exploration Rate (%) 31 | 5 29 81 49 16 9 Regions Visited 5 Branch Regions 1 Pre-discovered Areas . | . . . . . . Known Exits Taken . | . . . . . . Unknown Exits Taken 5 | 1 1 1 1 1 . Scrap Searched 1 | . . 1 . . . Spaces Dug . | . . . . . . Terrain Destroyed . | . . . . . . Melee . | . . . . . . Projectile . | . . . . . . AOE . | . . . . . . Terrain Rammed . | . . . . . . Walls Destroyed . | . . . . . . Machines Disabled . | . . . . . . Actions | -11 -10 -10 -9 -8 -7 --------- Run | Yrd Mat Min Mat Mat Fac Total 2211 | 121 324 468 560 232 506 Wait 250 | 4 12 75 23 31 105 Move 1700 | 100 247 378 479 147 349 Hop 1 | . 1 . . . . Pick Up 35 | 4 8 1 6 5 11 Fast Attach 25 | 4 8 3 4 3 3 Attach 27 | 1 3 . 4 8 11 Detach 9 | . 1 . 1 6 1 Swap 11 | . 1 1 7 1 1 Drop 26 | 1 3 4 12 4 2 Fire 124 | 7 40 6 23 26 22 Melee . | . . . . . . Ram 2 | . . . . 1 1 Kick . | . . . . . . Crush 1 | . . . 1 . . Escape Stasis . | . . . . . . Rewire . | . . . . . . Trap . | . . . . . . Miscellaneous . | . . . . . . Route ------- -11/Scrapyard -10/Materials -10/Mines (discovered 2 exits: *Mat x2) -9/Materials (discovered 5 exits: [*Mat] / [*Min x2] / *Sto x2) -8/Materials -7/Factory History --------- Turn | Location | Event 2 | -11/Scrapyard | Met Revision 17 104 | -11/Scrapyard | Discovered new exit (range 8) 143 | -11/Scrapyard | Entered Materials 180 | -10/Materials | Discovered new exit (range 13) 304 | -10/Materials | Build established: Mutant 443 | -10/Materials | Core integrity fell below 50% 469 | -10/Materials | Lost 9 parts (1p2n1u5w) 504 | -10/Materials | Entered Mines 512 | -10/Mines | Discovered new exit (range 8) 559 | -10/Mines | Discovered new exit (range 7) 573 | -10/Mines | Learned Materials garrison access intel 592 | -10/Mines | Found a damaged Exp. Sensor Array with a note attached 593 | -10/Mines | Found Prototype Device 593 | -10/Mines | Identified Exp. Sensor Array 745 | -10/Mines | Entered Materials 745 | -9/Materials | Accompanied by 2 allies 745 | -9/Materials | Evolved 2 slots: Weapon x2 746 | -9/Materials | Identified exit to Storage 753 | -9/Materials | Led the pair of lost Derelicts to an unsafe place 757 | -9/Materials | Build established: Scavenger-Mutant 919 | -9/Materials | Discovered exit to Storage (range 16) 956 | -9/Materials | Discovered new exit (range 11) 1084 | -9/Materials | Build established: Scavenger-Skirmisher 1446 | -9/Materials | Discovered new exit (range 14) 1525 | -9/Materials | Discovered new exit (range 3) 1531 | -9/Materials | Entered another Materials area 1531 | -8/Materials | Evolved 2 slots: Utility x2 1532 | -8/Materials | Loaded intel: 1 garrison access location 1712 | -8/Materials | Core integrity fell below 50% 1745 | -8/Materials | Lost 11 parts (1p4n3u3w) 1773 | -8/Materials | Core integrity fell below 20% 1794 | -8/Materials | Discovered new exit (range 16) 1825 | -8/Materials | Entered Factory 1825 | -7/Factory | Evolved 2 slots: Power x1, Propulsion x1 1898 | -7/Factory | Core integrity fell below 50% 1904 | -7/Factory | Core integrity fell below 20% 1928 | -7/Factory | Lost 6 parts (2p1n1u2w) 2125 | -7/Factory | Destroyed by P-60 Hacker with Shock Rifle Last Messages --------------- 01946_ Acquired Power Shielding. 01953_ K-01 Serf pushes Y-54 Guardian. 01966_ Acquired Pulse Rifle. 01984_ K-01 Serf latches onto K-01 Serf. 01984_ K-01 Serf pushes K-01 Serf. 02001_ ALERT: Potential suspicious activity detected, Programmers report to Factory Zone 7U. 02007_ K-01 Serf pushes D-53 Grenadier. 02007_ K-01 Serf latches onto Y-54 Guardian. 02007_ K-01 Serf pushes Y-54 Guardian. 02008_ K-01 Serf pushes D-53 Grenadier. 02010_ K-01 Serf pushes Y-54 Guardian. 02016_ Acquired Flak Cannon. 02017_ Dropped Power Shielding. 02018_ Acquired Imp. Medium Armor Plating. 02022_ Acquired Power Shielding. 02029_ R-06 Scavenger collects Power Shielding. 02116_ P-60 Hacker knocked back. [Achievement: First Step to Greatness] Map ----- +----------------------------------------------------+ | """ """""" # #????????? | | """ # #????????? | | "" # #????????? | | "" # #????????? | | # #????????? | | # #????????? | | #####+#############+### # #????????? | | #???# ## # # #????????? | | #???# ## # # #????????? | | #???# ## """ """ # + #????????? | | #???# ## """ """ / # #????????? | | ##### ## """ """ # # #????????? | | + ## # # #????????? | | +#######^ """"## ### ### ! ! #????????? | | ???????# """"## #?# #?# !! #????????? | | ???????# """"############?# #?# !! #????????? | | ???????# """"#????????????# #?# #????????? | | ???????# """"#????????????# #?# #????????? | | ???????# """"#????????????# #?##########????????? | | ???????# #????????????# #???????????????????? | | ???????########?############ ############ ???????? | | ????????????????# # ?????? | | ????????????????# ] # ?????? | | ????????????????# # k ?????? | | ????????????????# !* p ??????? | | ????????????????# * @# ??????? | | ????????????????# # ###+######???????? | | ????????????????# # #????????????????? | | ????????????????# # #????????????????? | | ????????????????########### #????????????????? | | ??????????????????????????# #????????????????? | | ??????????????????????????# #????????????????? | | ??????????????????????????# #????????????????? | | ??????????????????????????# #????????????????? | | ??????????????????????????? #????????????????? | | ??????????????????????????? #????????????????? | | ??????????????????????????? #????????????????? | | ??????????????????????????? ?????????????????? | | ??????????????????????????? ???????????????????? | | ?????????????????????????????????????????????????? | | ?????????????????????????????????????????????????? | | ?????????????????????????????????????????????????? | | ?????????????????????????????????????????????????? | | ?????????????????????????????????????????????????? | | ?????????????????????????????????????????????????? | | ?????????????????????????????????????????????????? | | ?????????????????????????????????????????????????? | | ?????????????????????????????????????????????????? | | ?????????????????????????????????????????????????? | | ?????????????????????????????????????????????????? | +----------------------------------------------------+ Best States ------------- Heat Dissipation 38 Energy Generation 18 Energy Capacity 265 Matter Stores 300 Matter Capacity 300 Sight Range 16 Robot Scan Range 20 Terrain Scan Density 10 Armor Coverage 225 Power Shielding 33 Evasion (%) 64 Recoil Reduction 2 Item Schematics ----------------- None Robot Schematics ------------------ None Fabricated ------------ Nothing Repaired ---------- Nothing Alien Tech Used ----------------- None Achievements -------------- Close Call First Step to Greatness Made in Tau Ceti IV Risk Taker Uninvited Guest Use The Force Challenges ------------ None Game ------ Seed PhysicsBehemothBrace Manual? 0 Play Time 03:14:50 Cumulative 3.2 hours Start 2025.10.13 @ 13:46:42 End 2025.10.17 @ 00:03:05 Sessions 8 Manual Loads 0 Difficulty Rogue Special Mode None Game No. 1 Rogue 1 Adventurer 0 Explorer 0 Win Type - Total 0 Types 0/0/0/0/0/0/0/0/0/0 Lore% 0 Gallery% 3 Achievement% 2 Wizard Run 0 Options --------- Layout 2 ASCII 0 Keyboard 1 Movement Vi Keybinds 0 Fullscreen 1 Font 32/Terminus Map View 50x44 Zoom Use 0% Tactical HUD 1 Map Filters NONE Filters NONE Steam 1 RUN: a1f86315-b88b-41fd-aa04-961c37d1e860